 Dungeon Crawl Stone Soup version 0.23-a0-484-g29ba69c (webtiles) character file.

171 MisterFreud the Chopper (level 5, -2/45 HPs)
             Began as a Hill Orc Monk on Nov 30, 2018.
             Was a Believer of Beogh.
             Slain by an ogre
             ... wielding a +0 giant spiked club
              (16 damage)
             ... on level 3 of the Dungeon.
             The game lasted 00:04:26 (2318 turns).

MisterFreud the Chopper (Hill Orc Monk)             Turns: 2318, Time: 00:04:26

Health: -2/45      AC:  3    Str: 15    XL:     5   Next: 51%
Magic:  5/5        EV: 13    Int: 10    God:    Beogh [**....]
Gold:   203        SH:  0    Dex: 13    Spells: 4/4 levels left

rFire    . . .     SeeInvis .   g - +2 whip (elec)
rCold    + . .     Gourm    .   (no shield)
rNeg     . . .     Faith    .   b - +1 robe
rPois    .         Spirit   .   (no helmet)
rElec    .         Reflect  .   (no cloak)
rCorr    .         Harm     .   (no gloves)
MR       .....                  (no boots)
Stlth    ++........             (no amulet)
HPRegen  0.15/turn              h - ring of protection from cold
MPRegen  0.09/turn              (no ring)

@: no status effects
A: no striking features
a: Smiting, Renounce Religion


You were on level 3 of the Dungeon.
You worshipped Beogh.
Beogh was pleased with you.
You were hungry.

You visited 1 branch of the dungeon, and saw 3 of its levels.

You collected 203 gold pieces.

Inventory:

Hand Weapons
 a - a +1 hand axe
 g - a +2 whip of electrocution (weapon)
Armour
 b - a +1 robe (worn)
Jewellery
 h - a ring of protection from cold (left hand)
 n - an uncursed amulet of rage {unknown}
Scrolls
 j - a scroll of remove curse
 k - 2 scrolls of fog
 l - a scroll of enchant armour
 m - 2 scrolls of teleportation {unknown}
Potions
 d - 2 potions of ambrosia {unknown}
 e - 2 potions of mutation {unknown}
 i - a potion of flight {unknown}
 o - 2 potions of heal wounds {unknown}
Comestibles
 c - 7 rations


   Skills:
 - Level 3.6 Fighting
 - Level 6.0(6.8) Axes
 + Level 4.1(5.2) Maces & Flails
 - Level 2.4 Dodging
 - Level 1.5 Stealth


You had 4 spell levels left.
You didn't know any spells.
Your spell library was empty.

Dungeon Overview and Level Annotations

Branches:
Dungeon (3/15)

Altars:


Message History

You barely miss the ogre.
The ogre is heavily wounded.
The ogre hits you with a +0 giant spiked club!!
Ouch! That really hurt!
You hit the ogre.
The ogre is severely wounded.
You barely miss the ogre.
The ogre is severely wounded.
The ogre closely misses you. The quokka completely misses you.
You barely miss the ogre.
The ogre is severely wounded.
The quokka bites you.
You hit the ogre but do no damage.
The ogre is severely wounded.
The ogre barely misses you. The quokka bites you.
You barely miss the ogre.
The ogre is severely wounded.
The quokka bites you but does no damage.
The ogre hits you with a +0 giant spiked club!
You die...

........# #O.......##.#
#.#.# #.# รท.......#
#<.......##.# #.#.###.#
(.......# #........##.#
#..[..... ((......#
#......).##.#####)#####
........# #........#
#.###.##### .)......#
#.....%..# #.#..<.....
........# #........#
.#.##)###### #########
#....rO..##.#..........
######@## #.#.##.######
###..###.#.##.# #
#........#.##.# #
#........#.##.######
#........#.##.#.....
#........#.##.#.....
#........#.##.#.....
#........#.##.'>....
#........#(####.....


You could see an ogre and a quokka.

Vanquished Creatures
  2 orc wizards (D:3)
  4 gnolls
  An adder (D:3)
  2 worms
  A dart slug (D:2)
  A leopard gecko (D:1)
  An orc (D:3)
  5 bats
  2 giant cockroaches
  8 goblins
  5 hobgoblins
  7 jackals
  7 kobolds
  A quokka (D:3)
  A ball python (D:2)
  5 frilled lizards
  6 rats
59 creatures vanquished.

Vanquished Creatures (others)
  An orc (D:3)
  A goblin (D:3)
2 creatures vanquished.

Grand Total: 61 creatures vanquished

Notes
Turn   | Place    | Note
-------+----------+-------------------------------------------
     0 | D:1      | MisterFreud the Hill Orc Monk began the quest for the Orb.
     0 | D:1      | Reached XP level 1. HP: 19/19 MP: 1/1
   326 | D:1      | Reached XP level 2. HP: 22/26 MP: 2/2
   490 | D:1      | Reached skill level 5 in Axes
   780 | D:2      | Reached XP level 3. HP: 24/31 MP: 3/3
   994 | D:2      | Reached skill level 6 in Axes
  1391 | D:3      | Became a worshipper of Beogh the Brigand
  1391 | D:3      | Reached * piety under Beogh
  1391 | D:3      | Reached ** piety under Beogh
  1446 | D:3      | Reached skill level 1 in Maces & Flails
  1446 | D:3      | Reached XP level 4. HP: 23/39 MP: 4/4
  1773 | D:3      | Reached XP level 5. HP: 25/45 MP: 5/5
  1955 | D:3      | Noticed an ogre
  1963 | D:3      | HP: 2/45 [ogre/+0 giant spiked club (28)]
  2318 | D:3      | Slain by an ogre

Vault maps used:
D:1:      eino_arrival_water_star, st_stairs_6
D:2:      minmay_cut_off
D:3:      grunt_temple_overflow_opulence

Skill      XL: |  1  2  3  4  5 |
---------------+----------------+-----
Axes           | 5 6 |  6.0
Maces & Flails | 1 3 4 |  4.1
Fighting       | |  3.6
Dodging        | |  2.4
Stealth        | |  1.5

Action                   |  1- 3 |  4- 6 || total
-------------------------+-------+-------++-------
Melee: Hand axe          |   107 |       ||   107
       Whip              |    13 |    63 ||    76
Invok: Convert to Beogh  |     1 |       ||     1
  Use: Scroll            |     5 |       ||     5
 Stab: Sleeping          |     3 |       ||     3
  Eat: Chunk             |     2 |     2 ||     4
Armor: Robe              |    20 |     9 ||    29
Dodge: Dodged            |    74 |    37 ||   111

Table legend:
 A = Non-vault XP
 B = Vault XP
 C = Vault XP percentage of total XP
 D = Non-vault monster count
 E = Vault monster count
 F = Vault count percentage of total count
                 A         B        C        D         E       F
            +---------+---------+-------+---------+---------+-------
      Total |     237 |       8 |   3.3 |      55 |       4 |   6.8
            +---------+---------+-------+---------+---------+-------
        D:1 |      27 |       1 |   3.6 |      15 |       1 |   6.2
        D:2 |      46 |       7 |  13.2 |      18 |       3 |  14.3
        D:3 |     164 |       0 |   0.0 |      22 |       0 |   0.0
            +---------+---------+-------+---------+---------+-------
